 Dungeon Crawl Stone Soup version 0.19.5 (webtiles) character file.

845 Lizzreth the Skirmisher (level 7, 0/60 HPs)
             Began as a Demonspawn Fighter on Mar 15, 2017.
             Killed from afar by an orc wizard (7 damage)
             ... with a puff of flame
             ... on level 6 of the Dungeon.
             The game lasted 00:20:42 (5085 turns).

Lizzreth the Skirmisher (Demonspawn Fighter)        Turns: 5085, Time: 00:20:47

Health: 0/60       AC: 13    Str: 17 (19) XL:     7   Next: 68%
Magic:  7/7        EV:  9    Int:  8 (9)  God:
Gold:   205        SH:  0    Dex: 12      Spells: 0 memorised, 6 levels left

rFire  . . .     SeeInvis .     C - +1 war axe (chop)
rCold  . . .     Gourm    +     b - +0 scale mail
rNeg   . . .     Faith    .     (no shield)
rPois  .         Spirit   .     v - +0 helmet
rElec  .         Reflect  .     l - +1 cloak
rCorr  .         Harm     .     (no gloves)
MR     .....                    (no boots)
Stlth  ..........               m - amulet of the gourmand
                                (no ring)
                                (no ring)

@: no status effects
A: talons 2, iridescent scales 2, demonic guardian 1
a: no special abilities


You were on level 6 of the Dungeon.
You were very full.

You visited 1 branch of the dungeon, and saw 6 of its levels.

You collected 205 gold pieces.

Inventory:

Hand Weapons
 a - a +0 war axe
 C - a +1 war axe of chopping (weapon)
Armour
 b - a +0 scale mail (worn)
 c - a +0 shield
 l - a +1 cloak (worn)
 v - a +0 helmet (worn)
Jewellery
 g - an uncursed ring of ice
 m - an amulet of the gourmand (around neck)
Wands
 x - a wand of lightning (11/15)
 D - a wand of flame (21/48)
 E - a wand of digging (24/24)
Scrolls
 e - 5 scrolls of identify
 i - a scroll of blinking
 n - a scroll of fog
 q - a scroll of enchant armour
 s - 2 scrolls of remove curse
Potions
 d - 2 potions of might
 h - 3 potions of lignification
 r - a potion of degeneration
 w - 3 potions of curing
Books
 F - Ofifoir's Disquisition on Supportive Intoxication
   (You found it on level 5 of the Dungeon)

   Spells                             Type                      Level
   a - Sting                          Conjuration/Poison           1
   b - Summon Small Mammal            Summoning                    1
   c - Venom Bolt                     Conjuration/Poison           5
   d - Summon Demon                   Summoning                    5
Comestibles
 f - 5 bread rations
 k - a meat ration


   Skills:
 * Level 7.6 Fighting
 - Level 5.0 Axes
 - Level 2.6 Armour
 - Level 2.6 Shields


You had 6 spell levels left.
You didn't know any spells.

Dungeon Overview and Level Annotations

Branches:
Dungeon (6/15)
 Temple: D:4-7

Altars:
Gozag
Xom
Yredelemnul


Innate Abilities, Weirdness & Mutations

You have razor-sharp toenails.
You are mostly covered in iridescent scales. (AC +4)
A weak demonic guardian rushes to your aid.


Message History

Your quasit claws the orc warrior.
Your quasit barely misses the orc warrior.
The orc warrior hits you with a scimitar!
* * * LOW HITPOINT WARNING * * *
Something hits you but does no damage.
Your quasit bites the orc warrior but does no damage.
Your quasit claws the orc warrior but does no damage. x2
You closely miss something.
You hit the orc warrior but do no damage.
Your ufetubus closely misses the orc warrior.
Your ufetubus hits the orc warrior but does no damage.
Your quasit completely misses the orc warrior.
Your quasit claws the orc warrior.
Your quasit claws the orc warrior but does no damage.
The orc warrior hits you with a scimitar.
* * * LOW HITPOINT WARNING * * *
You hear some strange, mumbled words.
A puff of flame appears from out of thin air!
The puff of flame hits you!
You die...

+##...........#........#
..............#........#
..............#........#
..............#
..?...........#
..............#
.##...##.##..## ####
#.##..# #)@...# +.5o..#
#.5...# #.....'.
#..##.### #..# .# .... .
.... ..


You could see an orc warrior, a friendly quasit and a friendly ufetubus.

Vanquished Creatures
  Grinder (D:4)
  A centaur (D:6)
  A crimson imp (D:6)
  2 jellies (D:3)
  An orc priest (D:5)
  2 worker ants (D:4)
  A bullfrog skeleton (D:5)
  An orc wizard (D:5)
  Robin (D:3)
  10 adders
  2 oozes
  4 worms
  2 dart slugs (D:2)
  6 leopard geckos
  8 orcs
  8 giant cockroaches
  14 goblins
  8 hobgoblins
  2 iguanas
  12 jackals
  4 quokkas
  2 ball pythons
  3 bats
  6 frilled lizards
  5 kobolds
  A quokka skeleton (D:4)
  7 rats
115 creatures vanquished.

Vanquished Creatures (collateral kills)
  A scorpion (D:5)
  A crimson imp (D:5)
  Crazy Yiuf (D:3)
  A centaur skeleton (D:4)
  An orc (D:5)
  A frilled lizard (D:4)
6 creatures vanquished.

Grand Total: 121 creatures vanquished

Notes
Turn   | Place    | Note
-------+----------+-------------------------------------------
     0 | D:1      | Lizzreth the Demonspawn Fighter began the quest for the Orb.
     0 | D:1      | Reached XP level 1. HP: 18/18 MP: 1/1
   216 | D:1      | Gained mutation: You have sharp toenails. [demonic ancestry]
   216 | D:1      | Reached XP level 2. HP: 24/24 MP: 2/2
   896 | D:1      | Reached XP level 3. HP: 29/29 MP: 3/3
  1474 | D:2      | Gained mutation: A weak demonic guardian rushes to your aid. [demonic ancestry]
  1474 | D:2      | Reached XP level 4. HP: 32/35 MP: 4/4
  2803 | D:3      | Found a shimmering altar of Xom.
  2859 | D:3      | Noticed Robin
  2887 | D:3      | Killed Robin
  2887 | D:3      | Gained mutation: You are partially covered in iridescent scales. (AC +2) [demonic ancestry]
  2887 | D:3      | Reached XP level 5. HP: 29/41 MP: 5/5
  2909 | D:3      | Reached skill level 5 in Axes
  3175 | D:3      | Found a runed door.
  3179 | D:3      | Noticed Crazy Yiuf
  3187 | D:3      | Killed Crazy Yiuf
  3427 | D:4      | Reached skill level 4 in Fighting
  3471 | D:4      | Gained mutation: You are mostly covered in iridescent scales. (AC +4) [demonic ancestry]
  3471 | D:4      | Reached XP level 6. HP: 35/48 MP: 6/6
  3903 | D:4      | Found an opulent altar of Gozag.
  3922 | D:4      | Noticed Grinder
  3929 | D:4      | Killed Grinder
  3929 | D:4      | Reached skill level 6 in Fighting
  3929 | D:4      | Gained mutation: You have razor-sharp toenails. [demonic ancestry]
  3929 | D:4      | Reached XP level 7. HP: 27/58 MP: 7/7
  4450 | D:5      | Entered Level 5 of the Dungeon
  4698 | D:5      | Reached skill level 7 in Fighting
  4702 | D:5      | Identified Ofifoir's Disquisition on Supportive Intoxication
  5028 | D:6      | Found a basalt altar of Yredelemnul.
  5085 | D:6      | Killed from afar by an orc wizard

Skill      XL: |  1  2  3  4  5  6  7 |
---------------+----------------------+-----
Axes           | 2 3 4 5 |  5.0
Fighting       | 4 6 7 |  7.6
Armour         | |  2.6
Shields        | |  2.6

Action                   |  1- 3 |  4- 6 |  7- 9 || total
-------------------------+-------+-------+-------++-------
Melee: War axe           |   112 |   176 |    74 ||   362
       Kick              |    16 |    43 |    15 ||    74
  Use: Scroll            |     1 |       |    11 ||    12
       Potion            |       |       |     6 ||     6
 Stab: Distracted        |       |       |     1 ||     1
  Eat: Chunk             |     2 |    15 |     6 ||    23
Armor: Scale mail        |    53 |    86 |    58 ||   197
Dodge: Dodged            |    65 |    89 |    48 ||   202
